 Dungeon Crawl Stone Soup version 0.30.0-15-g856e2d3f33 (webtiles) character file.

Game seed: 3320989832397823536

2334 Sobieck the Skirmisher (level 9, -1/71 HPs)
             Began as a Demigod Hunter on May 19, 2023.
             Succumbed to a killer bee's poison
             ... on level 7 of the Dungeon.
             The game lasted 00:12:18 (5391 turns).

Sobieck the Skirmisher (Demigod Hunter)             Turns: 5391, Time: 00:12:18

Health: -1/71      AC:  6    Str: 12    XL:     9   Next: 0%
Magic:  11/11      EV: 17    Int: 11    God:
Gold:   369        SH:  5    Dex: 41    Spells: 8/8 levels left

rFire   . . .        Y - +0 shortbow (chaos) {bow}
rCold   . . .        (shield currently unavailable)
rNeg    . . .        c - +1 leather armour
rPois   +            L - +1 hat
rElec   .            (no cloak)
rCorr   .            H - +0 pair of gloves
SInv    .            (no boots)
Will    .....        G - amulet of reflection
Stlth   +++          i - +6 ring of dexterity
HPRegen 0.31/turn    t - +6 ring of dexterity
MPRegen 0.12/turn

%: reflection
@: lethally poisoned (-1 -> -10)
A: high MP 1, forlorn, divine attributes, poison resistance
a: no special abilities


You were on level 7 of the Dungeon.
You visited 1 branch of the dungeon, and saw 7 of its levels.

You collected 369 gold pieces.


Innate Abilities, Weirdness & Mutations

You have an increased reservoir of magic. (+10% MP)
You shall have no god before yourself.
Your divine heritage dramatically boosts your attributes as you level up.
Your system is resistant to poisons. (rPois)


   Skills:
 + Level 4.1 Fighting
 + Level 10.6 Ranged Weapons
 + Level 4.1 Dodging
 - Level 0.8 Stealth


You had 8 spell levels left.
You didn't know any spells.
Your spell library contained the following spells:

 Spells                   Type           Power      Damage    Failure   Level
 Ensorcelled Hibernation  Hex/Ice        0%         N/A       56%         2
 Passwall                 Tmut/Erth      0%         N/A       56%         2
 Sublimation of Blood     Necr           0%         N/A       56%         2
 Wereblood                Tmut           0%         N/A       56%         2
 Ignite Poison            Fire/Tmut/Pois 0%         N/A       80%         3
 Portal Projectile        Hex/Tloc       0%         N/A       80%         3
 Swiftness                Air            0%         N/A       80%         3
 Tukima's Dance           Hex            0%         N/A       80%         3
 Sticky Flame             Conj/Fire      0%         2d3       99%         4
 Blade Hands              Tmut           0%         N/A       100%        5
 Summon Hydra             Summ           0%         N/A       100%        7
 Ignition                 Fire           0%         3d3       100%        8

Inventory:

Hand Weapons
 a - a +0 arbalest of flaming {crossbow}
   (You took it off an orc warrior on level 5 of the Dungeon)
 n - a +4 spear {polearm}
   (You found it on level 1 of the Dungeon)
 O - the +8 war axe of Wyrd {distort, MP+9, axe}
   (You found it on level 4 of the Dungeon)

   MP:        It affects your magic capacity (+9).
 Y - a +0 shortbow of chaos (weapon) {bow}
Missiles
 e - 2 javelins {throwing}
 l - 92 stones {throwing}
 w - 2 throwing nets {=f!fthrowing}
Armour
 c - a +1 leather armour (worn)
 d - a +0 leather armour
   (You found it on level 1 of the Dungeon)
 f - a +0 leather armour
   (You found it on level 6 of the Dungeon)
 u - a +0 robe
   (You found it on level 3 of the Dungeon)
 A - a +0 ring mail
   (You found it on level 3 of the Dungeon)
 B - a +2 robe of fire resistance
   (You took it off Sigmund on level 3 of the Dungeon)
 D - a +0 ring mail
   (You found it on level 3 of the Dungeon)
 E - a +0 scale mail
   (You took it off an orc on level 3 of the Dungeon)
 F - a +0 chain mail
   (You took it off an orc on level 3 of the Dungeon)
 H - a +0 pair of gloves (worn)
   (You found it on level 4 of the Dungeon)
 K - a +0 leather armour
   (You found it on level 5 of the Dungeon)
 L - a +1 hat (worn)
   (You found it on level 4 of the Dungeon)
 R - a +0 scale mail
   (You took it off an orc priest on level 6 of the Dungeon)
 S - a +0 helmet
   (You found it on level 6 of the Dungeon)
 T - a +0 leather armour
   (You found it on level 6 of the Dungeon)
 X - a +0 chain mail
   (You took it off an orc warrior on level 5 of the Dungeon)
 Z - a +0 scale mail
   (You took it off an orc on level 5 of the Dungeon)
Jewellery
 i - a +6 ring of dexterity (left hand)
   (You found it on level 1 of the Dungeon)
 k - a ring of resist corrosion
   (You found it on level 1 of the Dungeon)
 o - a ring of ice
   (You found it on level 1 of the Dungeon)
 r - a ring of see invisible
   (You found it on level 1 of the Dungeon)
 t - a +6 ring of dexterity (right hand)
   (You found it on level 3 of the Dungeon)
 G - an amulet of reflection (around neck)
   (You acquired it on level 4 of the Dungeon)
 Q - an amulet of faith {!P}
   (You found it on level 6 of the Dungeon)
 U - a ring of willpower
   (You found it on level 5 of the Dungeon)
Wands
 g - a wand of digging (3)
   (You took it off a gnoll on level 6 of the Dungeon)
 h - a wand of flame (28)
   (You found it on level 2 of the Dungeon)
 I - a wand of iceblast (8)
   (You found it on level 4 of the Dungeon)
Scrolls
 b - 4 scrolls of immolation {!r!r}
 p - a scroll of poison {unknown}
 s - 3 scrolls of noise {!r}
 x - a scroll of teleportation {@r4}
 y - 2 scrolls of brand weapon
 M - a scroll of fear
Potions
 j - a potion of magic
 m - a potion of resistance
 v - a potion of lignification {unknown}
 z - a potion of cancellation {unknown}
 J - 2 potions of brilliance
 N - 2 potions of attraction {!q}
 P - 2 potions of might {unknown}
 V - a potion of mutation {!q}
 W - a potion of invisibility {unknown}

Dungeon Overview and Level Annotations

Branches:
Dungeon (7/15) Zot: 26886  Temple (0/1) D:5

Annotations:
D:3 2 runed translucent doors, dang3rdave's ghost, amateur GrHu
D:5 1 runed translucent door, Woods's ghost, novice KoCj

####### ## .......
#.###...# #.#.# #.#
#.# #.## #.# ##.#
#y# #.# #..# #@# #.#
#... #.# #.# #.#
#..# #.# #.# #.#
#..# #.###.#
#.###..#
##...#.#####.......
##..##........###..#
#.#>###.#####.# #.<#
#.#..##># #.# #..#
#.##.##.#####.# #...


You could see a killer bee (fleeing).


Message History

Fire: Y) +0 shortbow (chaos) {bow}
Press: ? - help, Q - select action, (/) - cycle Shift-Dir - straight line, f/p - killer bee
Aim: a killer bee (55% to hit)
You shoot an arrow. The arrow hits the killer bee!
The arrow burns the killer bee.
You hear an angry buzzing noise.
The killer bee stings you but does no damage.
The killer bee misses you.
A killer bee comes into view.
You hear an angry buzzing noise.
Fire: Y) +0 shortbow (chaos) {bow}
Press: ? - help, Q - select action, (/) - cycle Shift-Dir - straight line, f/p - killer bee
Aim: a killer bee (almost dead, 55% to hit)
You shoot an arrow. The arrow hits the killer bee.
You kill the killer bee!
The killer bee misses you.
Your Fighting skill increases to level 4!
Fire: Y) +0 shortbow (chaos) {bow}
Press: ? - help, Q - select action, (/) - cycle Shift-Dir - straight line, f - killer bee
Aim: a killer bee (56% to hit)
You shoot an arrow. The arrow hits the killer bee.
The killer bee is poisoned.
The killer bee stings you!
* * * LOW HITPOINT WARNING * * *
The killer bee stings you.
* * * LOW HITPOINT WARNING * * *
Fire: Y) +0 shortbow (chaos) {bow}
Press: ? - help, Q - select action, (/) - cycle Shift-Dir - straight line, f/p - killer bee
Aim: a killer bee (moderately wounded, very poisoned, 56% to hit)
You shoot an arrow. The arrow hits the killer bee.
The arrow burns the killer bee.
You kill the killer bee!
The killer bee closely misses you.
Your Dodging skill increases to level 4!
Fire: Y) +0 shortbow (chaos) {bow}
Press: ? - help, Q - select action, (/) - cycle Shift-Dir - straight line, f - killer bee
Aim: a killer bee (56% to hit)
You shoot an arrow.
The arrow closely misses the killer bee.
You hear an angry buzzing noise.
The killer bee closely misses you.
A killer bee comes into view.
The killer bee barely misses you.
Fire: Y) +0 shortbow (chaos) {bow}
Press: ? - help, Q - select action, (/) - cycle Shift-Dir - straight line, f/p - killer bee
Aim: a killer bee (56% to hit)
You shoot an arrow. The arrow hits the killer bee!
The arrow freezes the killer bee.
The killer bee barely misses you. You block the killer bee's attack.
Fire: Y) +0 shortbow (chaos) {bow}
Press: ? - help, Q - select action, (/) - cycle Shift-Dir - straight line, f/p - killer bee
Aim: a killer bee (almost dead, 56% to hit)
You shoot an arrow. The arrow misses the killer bee.
The killer bee stings you.
* * * LOW HITPOINT WARNING * * *
The killer bee stings you!
* * * LOW HITPOINT WARNING * * *
You are poisoned.
The killer bee poisons you!
Fire: Y) +0 shortbow (chaos) {bow}
Press: ? - help, Q - select action, (/) - cycle Shift-Dir - straight line, f/p - killer bee
Aim: a killer bee (almost dead, 56% to hit)
You shoot an arrow. The arrow misses the killer bee.
You feel very sick.
The killer bee stings you but does no damage.
The killer bee stings you.
* * * LOW HITPOINT WARNING * * *
Fire: Y) +0 shortbow (chaos) {bow}
Press: ? - help, Q - select action, (/) - cycle Shift-Dir - straight line, f/p - killer bee
Aim: a killer bee (almost dead, 56% to hit)
You shoot an arrow. The arrow hits the killer bee.
You kill the killer bee!
* * * LOW HITPOINT WARNING * * *
You feel sick. You block the killer bee's attack.
You have reached level 9!
Your experience leads to a dramatic increase in your attributes!
Your base attributes are Str 12, Int 11, Dex 25.
Increase (S)trength, (I)ntelligence, or (D)exterity?
You feel agile. x4
It was a potion of ambrosia.
You are confused.
You feel invigorated.
You feel sick. The killer bee closely misses you.
The killer bee stings you but does no damage.
You feel sick. The killer bee misses you. The killer bee stings you!
* * * LOW HITPOINT WARNING * * *
You are lethally poisoned!
The killer bee poisons you!
You feel less invigorated.
You feel less confused.
* * * LOW HITPOINT WARNING * * *
You feel very sick. The killer bee stings you.
* * * LOW HITPOINT WARNING * * *
The killer bee stings you.
* * * LOW HITPOINT WARNING * * *
Unknown command.
Okay, then.
Okay, then.
As you read the scroll of fear, it crumbles to dust.
You assume a fearsome visage.
The killer bee looks frightened!
You die...

Skill      XL: |  1  2  3  4  5  6  7  8 |
---------------+-------------------------+-----
Ranged Weapons | 4 5 6 7 8 10 | 10.6
Fighting       | 2 4 |  4.1
Dodging        | 2 4 |  4.1
Stealth        | |  0.8

Action                     |  1- 3 |  4- 6 |  7- 9 || total
---------------------------+-------+-------+-------++-------
   Fire: Shortbow          |    90 |    79 |    91 ||   260
         Arbalest          |       |       |    59 ||    59
    Use: Potion            |     2 |       |     5 ||     7
         Scroll            |     4 |     3 |     8 ||    15
 Armour: Leather armour    |     9 |     4 |    14 ||    27
  Dodge: Dodged            |    30 |    21 |    54 ||   105
  Block: Other             |       |       |     9 ||     9

Levels and vault maps discovered:
D:1:      minmay_arrival_up_and_down, layout_loops_cross, minivault_24,
          minmay_tetromino_t4
D:2:      layout_loops_ring, basic_altar, minmay_misc_feat_secret_circle
D:3:      layout_loops_ring, ebering_ghost_disaster_area, minivault_25,
          uniq_sigmund, uniq_jessica, uniq_natasha, uniq_terence
D:4:      layout_gridville, chequers_temple_overflow_minitemple
D:5:      layout_rooms, grunt_dithmenos_smoke_and_mirrors,
          minmay_temple_entry_arrows, gammafunk_ghost_grave, minmay_holes,
          guppyfry_early_orc_mine, uniq_pikel
D:6:      layout_basic, nicolae_grassy_gnolls
D:7:      layout_loops_ring, nemelex_spade_bored_becter, lemuel_doored_altar,
          nicolae_overflow_two_pavilions, minivault_24, nrook_mini_vaults,
          lightli_orcish_oven, uniq_prince_ribbit1

Notes
Turn   | Place    | Note
-------+----------+-------------------------------------------
     0 | D:1      | Sobieck the Demigod Hunter began the quest for the Orb.
     0 | D:1      | Reached XP level 1. HP: 17/17 MP: 3/3
   106 | D:1      | Reached skill level 4 in Ranged Weapons
   272 | D:1      | Reached XP level 2. HP: 24/24 MP: 4/4
   370 | D:1      | You pick up a book of Burglary and begin reading...
   370 | D:1      | You add the spells Passwall, Ensorcelled Hibernation and
                  | Swiftness to your library.
   641 | D:1      | Gained mutation: Your system is resistant to poisons.
                  | (rPois) [potion of mutation]
   650 | D:1      | HP: 6/24 [poisoned by a kobold]
   785 | D:2      | Reached XP level 3. HP: 24/29 MP: 5/5
  1321 | D:2      | Reached skill level 5 in Ranged Weapons
  1500 | D:3      | Reached XP level 4. HP: 36/36 MP: 6/6
  1500 | D:3      | Noticed Terence
  1661 | D:3      | Noticed Jessica
  1662 | D:3      | Killed Jessica
  1670 | D:3      | Killed Terence
  1673 | D:3      | Found a large runed translucent door.
  1673 | D:3      | Found a large runed translucent door.
  1686 | D:3      | Noticed dang3rdave's ghost (amateur GrHu)
  1784 | D:3      | You pick up a book of Weapons and begin reading...
  1784 | D:3      | You add the spells Tukima's Dance, Portal Projectile and
                  | Blade Hands to your library.
  1824 | D:3      | Noticed Natasha
  1828 | D:3      | Reached skill level 6 in Ranged Weapons
  1828 | D:3      | Reached XP level 5. HP: 41/41 MP: 7/7
  1831 | D:3      | Killed Natasha
  1957 | D:3      | Noticed Sigmund
  1968 | D:3      | Killed Sigmund
  1969 | D:3      | Reached skill level 7 in Ranged Weapons
  1969 | D:3      | Reached XP level 6. HP: 38/48 MP: 8/8
  2019 | D:3      | Identified the +3 dagger of Midnight {flame, rPois rCorr
                  | Dex+2}
  2777 | D:4      | Identified the +8 war axe of Wyrd {distort, MP+9}
  2900 | D:4      | You fall into a shaft and drop 2 floors!
  2930 | D:6      | You pick up a book of Blood and begin reading...
  2930 | D:6      | You add the spells Sublimation of Blood, Wereblood and
                  | Summon Hydra to your library.
  3156 | D:6      | Reached skill level 8 in Ranged Weapons
  3156 | D:6      | Reached XP level 7. HP: 34/53 MP: 9/9
  3163 | D:6      | HP: 11/52 [orc priest/divine providence (14)]
  3352 | D:5      | Entered Level 5 of the Dungeon
  3360 | D:5      | Reached skill level 9 in Ranged Weapons
  3598 | D:4      | You add the spells Ignite Poison, Sticky Flame and Ignition
                  | to your library.
  3599 | D:4      | Identified a scroll of acquirement
  3599 | D:4      | Acquired an amulet of reflection
  3700 | D:5      | Noticed Pikel
  3957 | D:4      | HP: 4/53 [Pikel/+0 whip of electrocution (19)]
  3959 | D:4      | Killed Pikel
  3960 | D:4      | Reached skill level 10 in Ranged Weapons
  3960 | D:4      | Reached skill level 2 in Fighting
  3960 | D:4      | Reached skill level 2 in Dodging
  3960 | D:4      | Reached XP level 8. HP: 6/61 MP: 10/10
  4156 | D:5      | Found a staircase to the Ecumenical Temple.
  4390 | D:5      | Found a runed translucent door.
  4392 | D:5      | Noticed Woods's ghost (novice KoCj)
  4565 | D:6      | Reached skill level 3 in Fighting
  4565 | D:6      | Reached skill level 3 in Dodging
  5381 | D:7      | Reached skill level 4 in Fighting
  5383 | D:7      | Reached skill level 4 in Dodging
  5386 | D:7      | HP: 14/66 [poisoned by a killer bee]
  5388 | D:7      | Reached XP level 9. HP: 7/71 MP: 11/11
  5389 | D:7      | HP: 6/71 [killer bee (7)]
  5390 | D:7      | HP: 1/71 [killer bee (3)]
  5391 | D:7      | Succumbed to a killer bee's poison

Vanquished Creatures
  Pikel (D:4)
  Sigmund (D:3)
  2 water moccasins
  An ice beast (D:6)
  2 orc warriors
  An ogre (D:5)
  A lemure (D:4)
  A bullfrog (D:6)
  A gnoll sergeant (D:6)
  4 killer bees (D:7)
  2 jellies (D:6)
  2 hounds
  3 orc priests
  3 gnoll boudas (D:6)
  4 iguanas
  Jessica (D:3)
  Terence (D:3)
  Natasha (D:3)
  An orc wizard (D:5)
  17 gnolls (D:6)
  7 adders
  A shadow imp (D:5)
  2 white imps
  An ufetubus (D:5)
  2 dart slugs
  16 orcs
  5 ball pythons
  5 bats
  4 endoplasms
  2 giant cockroaches
  9 goblins
  3 hobgoblins
  7 kobolds
  6 quokkas
  3 frilled lizards
  3 rats
126 creatures vanquished.

Table legend:
 A = Non-vault XP
 B = Vault XP
 C = Vault XP percentage of total XP
 D = Non-vault monster count
 E = Vault monster count
 F = Vault count percentage of total count
                 A         B        C        D         E       F
            +---------+---------+-------+---------+---------+-------
      Total |    1940 |    1395 |  41.8 |     104 |      21 |  16.8
            +---------+---------+-------+---------+---------+-------
        D:1 |      31 |       3 |   8.8 |      18 |       2 |  10.0
        D:2 |      63 |       0 |   0.0 |      16 |       0 |   0.0
        D:3 |      79 |     334 |  80.9 |      12 |       4 |  25.0
        D:4 |      94 |     641 |  87.2 |      12 |       1 |   7.7
        D:5 |     346 |     221 |  39.0 |       8 |       7 |  46.7
        D:6 |     926 |     196 |  17.5 |      32 |       7 |  17.9
        D:7 |     401 |       0 |   0.0 |       6 |       0 |   0.0
            +---------+---------+-------+---------+---------+-------

Skill      XL: |  1  2  3  4  5  6  7  8 |
---------------+-------------------------+-----
Ranged Weapons | 4 5 6 7 8 10 | 10.6
Fighting       | 2 4 |  4.1
Dodging        | 2 4 |  4.1
Stealth        | |  0.8

Action                     |  1- 3 |  4- 6 |  7- 9 || total
---------------------------+-------+-------+-------++-------
   Fire: Shortbow          |    90 |    79 |    91 ||   260
         Arbalest          |       |       |    59 ||    59
    Use: Potion            |     2 |       |     5 ||     7
         Scroll            |     4 |     3 |     8 ||    15
 Armour: Leather armour    |     9 |     4 |    14 ||    27
  Dodge: Dodged            |    30 |    21 |    54 ||   105
  Block: Other             |       |       |     9 ||     9

Illustrated notes

Table legend:
 A = Kills in this place as a percentage of kills in the entire game.
 B = Kills by you in this place as a percentage of kills by you in the entire game.
 C = Kills by friends in this place as a percentage of kills by friends in the entire game.
 D = Other kills in this place as a percentage of other kills in the entire game.
 E = Experience gained in this place as a percentage of experience gained in the entire game.
 F = Experience gained in this place divided by the number of levels of this place that you have seen.
                   A       B       C       D       E      F
               +-------+-------+-------+-------+-------+----------------------
         Total | 100.0 | 100.0 |   N/A |   N/A | 100.0 | 476.4
       Dungeon | 100.0 | 100.0 |   N/A |   N/A | 100.0 | 476.4
               +-------+-------+-------+-------+-------+----------------------

Table legend: (Time is in decaauts)
 A = Elapsed time spent in this place.
 B = Non-inter-level travel time spent in this place.
 C = Inter-level travel time spent in this place.
 D = Time resting spent in this place.
 E = Time spent auto-exploring this place.
 F = Levels seen in this place.
 G = Mean time per level.
                   A        B        C        D        E       F      G
               +--------+--------+--------+--------+--------+-----+--------+
         Total |   5467 |   5228 |    239 |    903 |   3379 |   7 |  781.0 |
       Dungeon |   5467 |   5228 |    239 |    903 |   3379 |   7 |  781.0 |
               +--------+--------+--------+--------+--------+-----+--------+

Top non-repeatable levels by time:
     D:6: 1223 daAuts
     D:4: 998 daAuts
     D:3: 956 daAuts
     D:1: 807 daAuts
     D:5: 688 daAuts
     D:2: 680 daAuts
     D:7: 113 daAuts
